 Dungeon Crawl Stone Soup version 0.28-a0-1616-g050a50673c (webtiles) character file.

Game seed: 16625565182775550642

39 hashsling the Shield-Bearer (level 3, 0/24 HPs)
             Began as a Gargoyle Fighter on Jan 22, 2022.
             Frozen to death by an endoplasm (2 damage)
             ... on level 1 of the Dungeon.
             The game lasted 00:01:49 (1177 turns).

hashsling the Shield-Bearer (Gargoyle Fighter)      Turns: 1177, Time: 00:01:49

Health: 0/24       AC: 10    Str: 21    XL:     3   Next: 47%
Magic:  3/3        EV:  9    Int:  8    God:
Gold:   40         SH:  4    Dex:  9    Spells: 2/2 levels left

rFire   . . .      SeeInvis .   a - +0 flail
rCold   . . .      Faith    .   c - +0 buckler
rNeg    + . .      Spirit   .   b - +0 scale mail
rPois   ∞          Reflect  .   (no helmet)
rElec   +          Harm     .   (no cloak)
rCorr   .          Rampage  .   (no gloves)
Will    .....                   (no boots)
Stlth   ..........              (no amulet)
HPRegen 0.08/turn               (no ring)
MPRegen 0.08/turn               (no ring)

@: no status effects
A: sickness immunity, AC +3, negative energy resistance 1, electricity
resistance, torment resistance 1, petrification resistance
a: no special abilities


You were on level 1 of the Dungeon.
You visited 1 branch of the dungeon, and saw 2 of its levels.

You collected 40 gold pieces.

Inventory:

Hand Weapons
 a - a +0 flail (weapon)
Missiles
 e - 40 stones (quivered)
Armour
 b - a +0 scale mail (worn)
 c - a +0 buckler (worn)
Potions
 d - a potion of might


   Skills:
 + Level 3.7 Fighting
 + Level 2.5 Maces & Flails
 + Level 3.7 Armour
 + Level 3.7 Shields


You had 2 spell levels left.
You didn't know any spells.
Your spell library was empty.

Dungeon Overview and Level Annotations

Branches:
Dungeon (2/15)

Altars:


Innate Abilities, Weirdness & Mutations

You are immune to sickness and miasma.
Your stone body is resilient. (AC +3)
You are immune to poison.
You resist negative energy. (rN+)
You are resistant to electric shocks. (rElec)
You are resistant to unholy torment.
You are immune to petrification.


Message History

You are frozen.
The kobold hits you with a +0 dagger of pain.
You block the endoplasm's attack.
The kobold hits you with a +0 dagger of pain.
The endoplasm hits you but does no damage.
You block the kobold's attack. The endoplasm freezes you.
You are frozen.
The kobold hits you with a +0 dagger of pain.
The endoplasm freezes you.
You are frozen.
The kobold hits you but does no damage.
You miss the kobold. The endoplasm barely misses you.
The kobold barely misses you.
You completely miss the kobold. The endoplasm barely misses you.
The kobold hits you but does no damage.
You hit the kobold.
The kobold is moderately wounded.
The endoplasm hits you but does no damage.
The kobold hits you but does no damage.
You barely miss the kobold.
The endoplasm hits you but does no damage.
The kobold hits you but does no damage. The endoplasm freezes you.
You are frozen.
The kobold hits you but does no damage.
You barely miss the kobold. The endoplasm freezes you.
You are frozen.
* * * LOW HITPOINT WARNING * * *
The kobold barely misses you.
You barely miss the kobold. The endoplasm freezes you.
You are frozen.
* * * LOW HITPOINT WARNING * * *
The kobold hits you but does no damage.
You barely miss the kobold.
The endoplasm hits you but does no damage.
The kobold hits you but does no damage. The endoplasm freezes you.
You are frozen.
You die...

.......###..####..#..>......#
...........### ##...........#
........#....## ####.......##
.....##.#.##..## #......####
#######...###..#####.........####
#.....##.)..##.#######.[...
##.##...###)...#######....#
#..####..####..........##.. #.##
##KJ@K........######. ###.#
######.......# ## #####...##
#.#.....### # .........#
####.#.......# ## .........#
#......#.....####. .........#
##.##.######....... .........#
#..##.# ####.#.. .........#
##.###.# #.... .........#
#..###.# #.#..


You could see an endoplasm and 2 kobolds.

Vanquished Creatures
  2 dart slugs (D:1)
  4 bats (D:1)
  4 endoplasms (D:1)
  A giant cockroach (D:1)
  A goblin (D:1)
  3 hobgoblins (D:1)
  2 jackals (D:1)
  5 kobolds (D:1)
  A quokka (D:1)
  3 ball pythons (D:1)
  2 frilled lizards (D:1)
  5 rats (D:1)
33 creatures vanquished.

Notes
Turn   | Place    | Note
-------+----------+-------------------------------------------
     0 | D:1      | hashsling the Gargoyle Fighter began the quest for the Orb.
     0 | D:1      | Reached XP level 1. HP: 14/14 MP: 1/1
   175 | D:1      | Reached XP level 2. HP: 7/19 MP: 2/2
   466 | D:1      | Reached XP level 3. HP: 18/23 MP: 3/3
  1027 | D:1      | Found a faded altar of an unknown god.
  1177 | D:1      | Frozen to death by an endoplasm

Illustrated notes

Levels and vault maps discovered:
D:1:      sevenhm_arrival_forest_fort_small_3, layout_rooms,
          hellmonk_ecumenical_altar_slurped_away
D:2:      layout_loops_corners, minmay_quantized, uniq_sigmund

Action                   || total
-------------------------++-------
Melee: Flail             ||   121
Armor: Scale mail        ||   134
Dodge: Dodged            ||   106
Block: Buckler           ||    40

Table legend: (Time is in decaauts)
 A = Elapsed time spent in this place.
 B = Non-inter-level travel time spent in this place.
 C = Inter-level travel time spent in this place.
 D = Time resting spent in this place.
 E = Time spent auto-exploring this place.
 F = Levels seen in this place.
 G = Mean time per level.
                   A        B        C        D        E       F      G
               +--------+--------+--------+--------+--------+-----+--------+
         Total |   1216 |   1200 |     16 |      0 |    947 |   2 |  608.0 |
       Dungeon |   1216 |   1200 |     16 |      0 |    947 |   2 |  608.0 |
               +--------+--------+--------+--------+--------+-----+--------+

Top non-repeatable levels by time:
     D:1: 1210 daAuts
     D:2: 5 daAuts
